 Dungeon Crawl Stone Soup version 0.21.1-1-g345015f (webtiles) character file.

196 inc the Covered (level 5, 0/42 HPs)
             Began as a Demonspawn Monk on June 9, 2018.
             Slain by an ogre
             ... wielding a +0 giant club
              (8 damage)
             ... on level 4 of the Dungeon.
             The game lasted 00:03:46 (2790 turns).

inc the Covered (Demonspawn Monk)                   Turns: 2790, Time: 00:03:47

Health: 0/42       AC: 10    Str: 12    XL:     5   Next: 45%
Magic:  5/5        EV: 12    Int: 19    God:
Gold:   177        SH:  0    Dex: 16    Spells: 4/4 levels left

rFire    + + .     SeeInvis .   a - +0 mace
rCold    + + .     Gourm    .   (no shield)
rNeg     . . .     Faith    .   o - +0 ring mail
rPois    +         Spirit   .   u - +0 helmet
rElec    +         Reflect  .   f - scarf {rC+ rF+}
rCorr    +         Harm     .   n - +0 pair of gloves
MR       .....                  l - +0 pair of boots
Stlth    +.........             (no amulet)
HPRegen  0.14/turn              j - +3 ring of intelligence
MPRegen  0.09/turn              k - +5 ring of intelligence

@: resistant, very slightly contaminated, hasted, invisible, very quick
A: rugged brown scales 1
a: no special abilities


You were on level 4 of the Dungeon.
You were very hungry.

You visited 1 branch of the dungeon, and saw 4 of its levels.

You collected 177 gold pieces.

Inventory:

Hand Weapons
 a - a +0 mace (weapon)
Armour
 b - a +0 robe
 f - a scarf of resistance (worn)
 l - a +0 pair of boots (worn)
 n - a +0 pair of gloves (worn)
 o - a +0 ring mail (worn)
 u - a +0 helmet (worn)
Jewellery
 j - a +3 ring of intelligence (left hand)
 k - a +5 ring of intelligence (right hand)
Scrolls
 d - 2 scrolls of teleportation {unknown}
 g - 5 scrolls of identify {unknown}
 p - a scroll of remove curse {unknown}
 q - 2 scrolls of fear {unknown}
 s - a scroll of amnesia {unknown}
 v - a scroll of enchant armour {unknown}
Potions
 e - a potion of haste
 i - 2 potions of curing
 r - a potion of magic {unknown}
 t - a potion of flight {unknown}
Comestibles
 c - 8 rations


   Skills:
 - Level 3.0 Fighting
 + Level 3.6 Maces & Flails
 - Level 3.6 Armour
 - Level 3.3 Dodging
 - Level 1.7 Stealth


You had 4 spell levels left.
You didn't know any spells.

Dungeon Overview and Level Annotations

Branches:
Dungeon (4/15)
 Temple: D:4-7

Altars:
Okawaru
Zin


Innate Abilities, Weirdness & Mutations

You are partially covered in rugged brown scales. (AC +1, +3% HP)


Message History

The adder closely misses you.
You closely miss the adder.
The adder is almost dead.
The adder misses you. The ogre barely misses you.
You strike the helpless adder from behind!
You hit the adder.
The adder is almost dead.
The adder barely misses you.
You sock the adder!
You kill the adder!
The ogre barely misses you.
You hit the ogre.
The ogre is lightly wounded.
The ogre hits you but does no damage.
You hit the ogre.
The ogre is moderately wounded.
You sock the ogre!
The ogre is severely wounded.
The ogre hits you with a giant club!
You die...

...##.# ...##.# ...##.# ...##.#
..[##.# ...##)#
...##.#####################
>................†........#######
................@O...............
########################.8...8...
#######...#...#. .$......h## (##
..?.......# .# ........8...8 ..
#######...#...#. ##.###.## ...
..#


You could see an ogre.

Vanquished Creatures
  A hound (D:4)
  2 orc wizards (D:3)
  A hound skeleton (D:4)
  3 adders
  An ooze (D:4)
  2 dart slugs (D:1)
  13 orcs
  A ball python (D:2)
  A giant cockroach (D:3)
  5 hobgoblins
  7 bats
  A frilled lizard (D:3)
  6 goblins
  4 kobolds
  9 rats
57 creatures vanquished.

Notes
Turn   | Place    | Note
-------+----------+-------------------------------------------
     0 | D:1      | inc the Demonspawn Monk began the quest for the Orb.
     0 | D:1      | Reached XP level 1. HP: 18/18 MP: 1/1
   284 | D:1      | Gained mutation: You are partially covered in rugged brown scales. (AC +1, +3% HP) [demonic ancestry]
   284 | D:1      | Reached XP level 2. HP: 18/24 MP: 2/2
   618 | D:1      | Found an iron altar of Okawaru.
  1204 | D:2      | Reached skill level 1 in Armour
  1204 | D:2      | Reached XP level 3. HP: 22/29 MP: 3/3
  1842 | D:3      | Reached XP level 4. HP: 23/36 MP: 4/4
  2543 | D:4      | Found a glowing silver altar of Zin.
  2598 | D:4      | Reached XP level 5. HP: 42/42 MP: 5/5
  2751 | D:4      | Noticed an ogre
  2790 | D:4      | Slain by an ogre

Skill      XL: |  1  2  3  4 |
---------------+-------------+-----
Dodging        | 3 |  3.3
Maces & Flails | 3 |  3.6
Armour         | 1 2 3 |  3.6
Fighting       | |  3.0
Stealth        | |  1.7

Action                   |  1- 3 |  4- 6 || total
-------------------------+-------+-------++-------
Melee: Mace              |    94 |   124 ||   218
  Use: Potion            |       |     4 ||     4
 Stab: Sleeping          |     4 |       ||     4
       Invisible         |       |     2 ||     2
  Eat: Chunk             |     3 |     2 ||     5
Armor: Robe              |     6 |       ||     6
       Ring mail         |    30 |    58 ||    88
Dodge: Dodged            |    78 |    80 ||   158
